cohdb
Replays
Latest Replays
All Replays
Popular Replays
Top Player Replays
Match Explorer
How It Works
Community
CoH3 Stats
Reddit
Sign in to upload your games and track your stats! →
Sign in with Steam
Match 28807274
Unlisted
Match 28807274
Overview
Messages
Build Orders
End
Construct Section Command Post
Selects Air and Sea Battlegroup
Infantry Section
Infantry Section
Grenade Package
ML 3-inch Mortar Team
Infantry Section
Selects Supply Surplus
Construct Field Infirmary
Construct Platoon Command Post
6-pounder Anti-tank Gun Team
Friendly Mouse(Poxie)
gameing
Orthodox380
nxpgli
1174734789
GASK3T
Player 4
いきざま
0
0
Comments
sign in to comment!
No comments posted yet!